 Dungeon Crawl Stone Soup version 0.30-b1-2-g02819fbbbe (webtiles) character file.

Game seed: 5967496903125444409

2079 LLlMATKO the Fighter (level 9, -5/121 HPs)
             Began as a Minotaur Berserker on Sept 10, 2023.
             Was a Priest of Trog.
             Slain by a rust devil (7 damage)
             ... on level 5 of the Dungeon.
             The game lasted 00:04:16 (4383 turns).

LLlMATKO the Fighter (Minotaur Berserker)           Turns: 4383, Time: 00:04:16

Health: -5/121     AC: -14   Str: 25    XL:     9   Next: 6%
Magic:  8/8        EV: 11    Int:  4    God:    Trog [***...]
Gold:   295        SH:  0    Dex: 11    Spells: 8/8 levels left

rFire   . . .        j - +0 hand axe (elec)
rCold   . . .        (no shield)
rNeg    . . .        n - +0 chain mail
rPois   .            l - +1 hat
rElec   .            (no cloak)
rCorr   .            h - +0 pair of gloves
SInv    .            (no boots)
Will    .....        (no amulet) Stlth
                     (no ring)
HPRegen 0.40/turn    (no ring)
MPRegen 0.11/turn

%: no passive effects
@: berserking (expiring), corroded, very quick
A: horns 2, retaliatory headbutt
a: Renounce Religion, Berserk, Trog's Hand


You were on level 5 of the Dungeon.
You worshipped Trog.
Trog was most pleased with you.
You visited 1 branch of the dungeon, and saw 6 of its levels.
You also visited: Ossuary.

You collected 295 gold pieces.

Inventory:

Hand Weapons
 a - a +0 hand axe
 j - a +0 hand axe of electrocution (weapon)
Missiles
 v - 10 curare-tipped darts (quivered)
 H - 4 poisoned darts
Armour
 h - a +0 pair of gloves (worn)
 l - a +1 hat (worn)
 n - a +0 chain mail (worn)
Jewellery
 c - a +6 ring of strength
 I - an amulet of magic regeneration
Wands
 m - a wand of digging (7)
 p - a wand of mindburst (7)
 u - a wand of flame (15)
 D - a wand of roots (6)
Scrolls
 b - 2 scrolls of enchant armour {unknown}
 d - 4 scrolls of identify {unknown}
 f - 2 scrolls of amnesia {unknown}
 g - 2 scrolls of fear {unknown}
 k - 3 scrolls of enchant weapon {unknown}
 o - a scroll of fog {unknown}
 s - 5 scrolls of teleportation {unknown}
 y - a scroll of immolation {unknown}
 G - a scroll of silence {unknown}
Potions
 e - a potion of might {unknown}
 i - 5 potions of mutation {unknown}
 q - 3 potions of lignification {unknown}
 r - 2 potions of resistance {unknown}
 t - a potion of ambrosia {unknown}
 w - 2 potions of heal wounds {unknown}
 x - 3 potions of degeneration {unknown}
 z - 4 potions of attraction {unknown}
 A - 2 potions of brilliance {unknown}
 B - a potion of flight {unknown}
 C - a potion of berserk rage {unknown}
 E - a potion of invisibility {unknown}
 F - a potion of haste {unknown}


   Skills:
 + Level 8.0 Fighting
 + Level 8.0 Axes
 + Level 7.5 Armour
 + Level 6.8 Dodging


You had 8 spell levels left.
You didn't know any spells.
Your spell library was empty.

Dungeon Overview and Level Annotations

Branches:
Dungeon (6/15)             Temple (0/1) D:6         Ossuary (visited)

Altars:
Ashenzari
Nemelex Xobeh
Wu Jian
Xom


Innate Abilities, Weirdness & Mutations

You have a pair of horns on your head.
You reflexively headbutt those who attack you in melee.


Message History

The rust devil is moderately wounded.
You closely miss the rust devil.
You hit the orc warrior but do no damage.
The orc warrior barely misses you.
Unknown command.
Unknown command.
You hit the rust devil but do no damage.
The rust devil is severely wounded.
You hit the rust devil. You barely miss the orc warrior.
The rust devil hits you.
* * * LOW HITPOINT WARNING * * *
The rust devil corrodes you! The rust devil hits you.
* * * LOW HITPOINT WARNING * * *
The rust devil corrodes you! The orc warrior barely misses you.
Unknown command.
You hit the rust devil but do no damage.
The rust devil is severely wounded.
You barely miss the rust devil.
You hit the orc warrior but do no damage.
Lightning courses through the orc warrior!
You feel the power of Trog in you as your rage grows.
You kill the orc warrior!
Trog accepts your kill. The rust devil hits you.
* * * LOW HITPOINT WARNING * * *
The rust devil corrodes you! The rust devil hits you!
* * * LOW HITPOINT WARNING * * *
The rust devil corrodes you!
Your Fighting skill increases to level 8!
Your Axes skill increases to level 8!
You hit the rust devil but do no damage.
You headbutt the rust devil, but do no damage.
The rust devil is severely wounded.
You barely miss the rust devil.
Unknown command.
Unknown command.
You barely miss the rust devil.
The rust devil is severely wounded.
You closely miss the rust devil. The rust devil hits you!
You die...

#...#
#...####....#.........#..
#...#
#........#######......#..
#...#
#....####.....##......#..
#####
##.#......###.....#####..
#.#.#..### ###..## #....
##.#.#.##)#+#)##.## #....
#......#♣.....♣#..# #....
#..#..##.).....##.# #....
#..##.#>@).8...∩#.# #...#
#..##.##44.....##.# #...#
#..##..#♣.....♣#..# #...#
#..###.##)#+#)##.########
#..##...### ###..#.......
#.....#...###............
##...............#.......
####.#........###.......
#.#.....######.......


You could see 2 rust devils.

Vanquished Creatures
  Grinder (D:4)
  Sigmund (D:2)
  Edmund (D:4)
  A water moccasin (D:5)
  Duvessa (D:4)
  2 orc warriors (D:5)
  An ogre (D:4)
  A phantom (D:6)
  A bullfrog (D:4)
  4 scorpions (Ossuary)
  Dowan (D:4)
  A centaur zombie (Ossuary)
  3 jellies
  4 hounds
  A human zombie (Ossuary)
  A sleepcap (D:5)
  2 iguanas
  Natasha (thrice) (D:2)
  An orc wizard (D:3)
  A scorpion zombie (Ossuary)
  3 mummies (Ossuary)
  7 adders
  2 white imps (D:5)
  3 ufetubi
  6 worms
  4 dart slugs
  6 orcs
  4 ball pythons
  7 endoplasms
  5 giant cockroaches
  6 goblins
  5 hobgoblins
  7 kobolds
  2 quokkas
  5 bats
  2 frilled lizards
  2 gnoll zombies (Ossuary)
  2 goblin zombies (Ossuary)
  3 hobgoblin zombies (Ossuary)
  4 kobold zombies (Ossuary)
  2 orc zombies (Ossuary)
  3 rats
122 creatures vanquished.

Notes
Turn   | Place    | Note
-------+----------+-------------------------------------------
     0 | D:1      | LLlMATKO the Minotaur Berserker began the quest for the
                  | Orb.
     0 | D:1      | Reached XP level 1. HP: 19/19 MP: 0/0
   241 | D:1      | Reached XP level 2. HP: 27/27 MP: 1/1
  1010 | D:2      | You fall into a shaft and drop 1 floor!
  1049 | D:2      | Found a faded altar of an unknown god.
  1051 | D:2      | Noticed Sigmund
  1059 | D:2      | Killed Sigmund
  1060 | D:2      | Reached XP level 3. HP: 35/35 MP: 2/2
  1060 | D:2      | Reached XP level 4. HP: 41/41 MP: 3/3
  1060 | D:2      | Reached XP level 5. HP: 47/47 MP: 4/4
  1198 | D:2      | Noticed Natasha
  1205 | D:2      | Killed Natasha
  1206 | D:2      | Reached skill level 5 in Fighting
  1404 | D:2      | Reached ** piety under Trog
  1439 | D:2      | Reached skill level 5 in Axes
  1604 | D:2      | Noticed Natasha
  1608 | D:2      | Killed Natasha
  1656 | D:2      | Noticed Natasha
  1662 | D:2      | Killed Natasha
  1663 | D:2      | Reached XP level 6. HP: 56/56 MP: 5/5
  1881 | D:2      | Found a faded altar of an unknown god.
  2096 | D:3      | Found a broken altar of Ashenzari.
  2167 | D:3      | Found a sparkling altar of Nemelex Xobeh.
  2433 | D:3      | Found a shimmering altar of Xom.
  2671 | D:4      | Noticed Edmund
  2674 | D:4      | Noticed Duvessa
  2676 | D:4      | Noticed Grinder
  2683 | D:4      | Noticed Dowan
  2684 | D:4      | Killed Edmund
  2685 | D:4      | Reached skill level 5 in Armour
  2685 | D:4      | Reached XP level 7. HP: 62/62 MP: 6/6
  2686 | D:4      | Killed Duvessa
  2688 | D:4      | Reached skill level 5 in Dodging
  2688 | D:4      | Reached *** piety under Trog
  2788 | D:4      | Killed Grinder
  2792 | D:4      | Reached XP level 8. HP: 71/71 MP: 7/7
  2795 | D:4      | Killed Dowan
  2915 | D:4      | Found a sand-covered staircase.
  2923 | Ossuary  | Entered an ossuary
  3411 | D:4      | Found an ornate altar of the Wu Jian Council.
  3491 | D:5      | Entered Level 5 of the Dungeon
  4281 | D:6      | Identified the +5 rapier of Keraocem {chaos, Str+3 Dex+2
                  | SInv}
  4332 | D:6      | Found a staircase to the Ecumenical Temple.
  4366 | D:5      | Noticed a rust devil
  4366 | D:5      | Noticed a rust devil
  4378 | D:5      | Reached XP level 9. HP: 22/81 MP: 8/8
  4381 | D:5      | HP: 1/121 [rust devil (10)]
  4383 | D:5      | Slain by a rust devil

Illustrated notes

Levels and vault maps discovered:
D:1:      ebering_hopf_link, layout_loops_ring, roderic_lattice_a
D:2:      layout_rooms, basic_ecumenical_altar, dk_noncrumbling_3, uniq_natasha,
          uniq_sigmund
D:3:      layout_loops_ring, mainiacjoe_overflow_brackets,
          mainiacjoe_overflow_alcove_4, lemuel_doored_altar
D:4:      layout_rooms, nicolae_wu_jian_immortal_techniques, enter_ossuary_1,
          uniq_grinder, uniq_duvessa, uniq_edmund
D:5:      cheibrodos_iron_armory, layout_basic, hex_tiny
D:6:      due_chaos_kobolds, layout_basic, zin_scriptorium, temple_doors_e,
          uniq_menkaure

Skill      XL: |  1  2  3  4  5  6  7  8  9 |
---------------+----------------------------+-----
Fighting       | 4 5 6 7 8 |  8.0
Axes           | 4 5 6 7 8 |  8.0
Armour         | 3 4 5 6 7 |  7.5
Dodging        | 3 4 5 6 |  6.8

Action                     |  1- 3 |  4- 6 |  7- 9 || total
---------------------------+-------+-------+-------++-------
  Melee: Hand axe          |    41 |    89 |   142 ||   272
         Headbutt          |     3 |    15 |    31 ||    49
         Punch             |     1 |     1 |     1 ||     3
  Throw: Dart              |       |     5 |       ||     5
 Invoke: Berserk           |     2 |     1 |     2 ||     5
         Trog's Hand       |       |       |     2 ||     2
   Stab: Sleeping          |     1 |       |       ||     1
 Armour: Animal skin       |    14 |     2 |       ||    16
         Chain mail        |       |    20 |    48 ||    68
         Ring mail         |       |     2 |       ||     2
  Dodge: Dodged            |    29 |    46 |    59 ||   134
